 Dungeon Sprint DCSS version 0.17-a0-2024-gc284f19 (webtiles) character file.

34 Adamkad1 the Shield-Bearer (level 6, -7/55 HPs)
             Began as a Formicid Fighter on Oct 10, 2015.
             Was a Priest of Qazlal.
             Mangled by a water elemental (14 damage)
             ... in the Dungeon (Sprint VI: "Thunderdome").
             The game lasted 00:04:14 (423 turns).

Adamkad1 the Shield-Bearer (Formicid Fighter)        Turns: 423, Time: 00:04:14

Health: -7/55      AC:  8    Str: 25    XL:     6   Next: 38%
Magic:  6/8        EV: 11    Int: 10    God:    Qazlal [***...]
Gold:   250        SH: 15    Dex: 10    Spells: 0 memorised, 5 levels left

rFire  . . .     SeeInvis +     a - +0 war axe
rCold  . . .     Clarity  .     b - +0 scale mail
rNeg   . . .     SustAt   .     c - +0 shield
rPois  .         Gourm    .     (helmet unavailable)
rElec  .         Spirit   .     (no cloak)
rCorr  .         Warding  .     (no gloves)
rMut   .         Stasis   +     (no boots)
MR     .....                    (no amulet)
Stlth  ..........               (no ring)
                                (no ring)

@: mighty, not resistant to hostile enchantments, extremely unstealthy
A: permanent stasis, dig shafts and tunnels, four strong arms, antennae 3
a: Dig, Upheaval, Elemental Force, Renounce Religion


You were in the Dungeon.
You worshipped Qazlal.
Qazlal was most pleased with you.
You were not hungry.

You visited 1 branch You collected 250 gold pieces.

Inventory:

Hand Weapons
 a - a +0 war axe (weapon)
Armour
 b - a +0 scale mail (worn)
 c - a +0 shield (worn)
Wands
 l - a wand of cold (5)
 m - a wand of fire (5)
Scrolls
 k - 4 scrolls of blinking
 n - 3 scrolls of fog
Potions
 g - 3 potions of heal wounds
 h - 4 potions of haste
 i - 2 potions of magic
 j - a potion of berserk rage
 o - a potion of resistance
Comestibles
 e - a bread ration


   Skills:
 + Level 7.5 Fighting
 + Level 4.7 Axes
 + Level 7.4 Armour
 + Level 3.3 Dodging
 + Level 7.7 Shields
 * Level 3.2 Invocations


You had 5 spell levels left.
You didn't know any spells.

Dungeon Overview and Level Annotations

Branches:
Dungeon (1/1)

Altars:
Cheibriados
Dithmenos
Fedhas
Gozag
Kikubaaqudgha
Makhleb
Okawaru
Qazlal
Ru
Sif Muna
Trog
Vehumet
Xom
Yredelemnul
Zin
The Shining One
Jiyva
Lugonu

Shops:
D *[%??*?*:[((!!!!


Innate Abilities, Weirdness & Mutations

You are under a permanent stasis effect.
You can dig through walls and to a lower floor.
Your four strong arms can wield two-handed weapons with a shield.
You have a pair of large antennae on your head (SInv).


Message History

You feel much better. The ice beast closely misses you.
The water elemental hits you!!
* * * LOW HITPOINT WARNING * * *
The water elemental engulfs you in water!
Drink which item? (? for menu, Esc to quit)
You feel very mighty all of a sudden.
* * * LOW HITPOINT WARNING * * *
Your lungs strain for air!
You block the ice beast's attack. The water elemental barely misses you.
With effort, you pull free of the water engulfing you.
You gasp with relief as air once again reaches your lungs.
You block the ice beast's attack.
Drink which item? (? for menu, Esc to quit)
Okay, then.
You closely miss the ice beast. You hit the ice beast.
The ice beast is heavily wounded.
You hit the water elemental.
The water elemental is lightly damaged.
You block the ice beast's attack. The water elemental hits you!
You die...

##∩.....∩## #∩.......∩#
#_......._# #_......._#
#........_#
###.........###
#⌠.........%.⌠#
##.8......%..8.######
......†###.....Y@§_∩##
.....8.# #.8...EY...∩###
.......###....§........##
....###...###..........⌠#
....# #.<.# #..........⌠#
....###...###..........⌠#
.......###.............##
.....8.# #.8........∩###
_......###.......__∩##


You could see a water elemental and 2 ice beasts.

Vanquished Creatures
  2 spiders (D)
  A brain worm (D)
  2 worms (D)
  A bat simulacrum (D)
  6 giant cockroaches (D)
12 creatures vanquished.

Notes
Turn   | Place    | Note
--------------------------------------------------------------
     0 | D        | Adamkad1 the Formicid Fighter began the quest for the Orb.
     0 | D        | Reached XP level 1. HP: 18/18 MP: 1/1
     5 | D        | Round 1.
     6 | D        | Found a glowing golden altar of the Shining One.
     6 | D        | Found a burning altar of Makhleb.
     7 | D        | Found a glowing silver altar of Zin.
     7 | D        | Found a shimmering altar of Xom.
     8 | D        | Found a blossoming altar of Fedhas.
     8 | D        | Found a sacrificial altar of Ru.
     8 | D        | Found Fuyph's Magic Scroll Shop.
     8 | D        | Found Colesif's Staff Store.
    10 | D        | Found Sicedaos's Magic Scroll Shop.
    10 | D        | Found Zeasuet's Must-Have Magic.
    11 | D        | Found Kaethrud's Bee Food.
    13 | D        | Found Cuseth's Jewellery.
    13 | D        | Found Fada Gyn's Advanced Armour.
    14 | D        | Found a stormy altar of Qazlal.
    14 | D        | Found a deep blue altar of Sif Muna.
    14 | D        | Found a bloodstained altar of Trog.
    14 | D        | Found Alany's Identification Station.
    22 | D        | Found an opulent altar of Gozag.
    23 | D        | Found a basalt altar of Yredelemnul.
    24 | D        | Found a radiant altar of Vehumet.
    25 | D        | Found Gid Xop's Premium Goods.
    29 | D        | Became a worshipper of Qazlal Stormbringer
    63 | D        | Found an iron altar of Okawaru.
    64 | D        | Found a corrupted altar of Lugonu.
    65 | D        | Found Zedul's Distillery.
    66 | D        | Found Ucehynt's Distillery.
    66 | D        | Found Igough's Bottled Wisdom.
    73 | D        | Found Feocekao's Do-It-Yourself Clinic.
    73 | D        | Found a viscous altar of Jiyva.
    73 | D        | Found a snail-covered altar of Cheibriados.
    84 | D        | Found an ancient bone altar of Kikubaaqudgha.
    86 | D        | Found a shadowy altar of Dithmenos.
    86 | D        | Found Muhax's Weapon Rack.
    86 | D        | Found Wuquy's Basic Armour.
    87 | D        | Found Biasch's Miscellaneous Merchandise.
   114 | D        | Noticed a spider
   118 | D        | Noticed a brain worm
   125 | D        | Killed a brain worm
   125 | D        | Reached skill level 5 in Fighting
   125 | D        | Reached skill level 5 in Armour
   125 | D        | Reached skill level 1 in Dodging
   125 | D        | Reached skill level 5 in Shields
   125 | D        | Reached XP level 2. HP: 9/27 MP: 2/2
   125 | D        | Reached XP level 3. HP: 11/33 MP: 3/3
   125 | D        | Reached XP level 4. HP: 13/39 MP: 4/4
   127 | D        | Killed a spider
   127 | D        | Acquired Qazlal's first power
   127 | D        | Reached skill level 6 in Fighting
   127 | D        | Reached XP level 5. HP: 9/47 MP: 5/5
   132 | D        | Reached skill level 7 in Shields
   173 | D        | Arena points: 6 (+6) [x1]
   188 | D        | Round 2.
   286 | D        | Noticed a spider
   290 | D        | Acquired Qazlal's second power
   297 | D        | Killed a spider
   297 | D        | Reached XP level 6. HP: 25/55 MP: 5/8
   323 | D        | Arena points: 34 (+28) [x2]
   371 | D        | Round 3.
   372 | D        | Noticed an ice beast
   380 | D        | Noticed a water elemental
   386 | D        | Noticed an ice beast
   409 | D        | Acquired Qazlal's third power
   423 | D        | Mangled by a water elemental

Vault maps used:
D:        arena_sprint

Action                   |  1- 3 |  4- 6 || total
-------------------------+-------+-------++-------
Melee: War axe           |    18 |    35 ||    53
Invok: Upheaval          |       |     1 ||     1
  Use: Potion            |       |     3 ||     3
